3L
ATHLETIC CLUB KC @ PANAMA CITY PIRANHAS
06/18/2039
 
TOP OF THE 1ST
Athletic Club KC batting - Pitching for Panama City Piranhas : RHP Harry Stuterberg
Pitching: RHP Harry Stuterberg
Batting: LHB César Núñez 0-0: Called Strike
0-1: Fly out, F9 (Line Drive, 9, EV 91.2 MPH)
Batting: RHB Yehonatan Chazan 0-0: Foul Ball, location: 2F
0-1: Ball
1-1: Ball
2-1: Foul Ball, location: 2F
2-2: SINGLE (Flyball, 89S, EV 88.8 MPH)
Batting: LHB Héctor Velázquez 0-0: Ball
1-0: SINGLE (Line Drive, 56, EV 100.0 MPH)
Yehonatan Chazan to second
Batting: LHB José Rodríguez 0-0: Ball
1-0: Called Strike
1-1: Foul Ball, location: 2F
1-2: Ball
2-2: Fly out, F8 (Line Drive, 8RM, EV 96.9 MPH)
Batting: LHB Pablo Hernández 0-0: DOUBLE (Groundball, 5L, EV 97.5 MPH)
Yehonatan Chazan scores
Héctor Velázquez to third
Runner from 3rd tries for Home, SAFE, throw by LF to home
Batting: RHB Tasuku Goto 0-0: Foul Ball, location: 2F
0-1: Foul Ball, location: 2F
0-2: Strikes out swinging
Top of the 1st over - 2 runs, 3 hits, 0 errors, 1 left on base; Athletic Club KC 2 - Panama City 0
BOTTOM OF THE 1ST
Panama City Piranhas batting - Pitching for Athletic Club KC : LHP Ben Skelton
Pitching: LHP Ben Skelton
Batting: RHB Kieran Hansen 0-0: Foul Ball, location: 2F
0-1: DOUBLE (Line Drive, 78D, EV 106.2 MPH)
Batting: RHB António Mendoza 0-0: Single, Error in OF, E9, batter to second base (Groundball, 34D, EV 102.5 MPH)
Kieran Hansen scores
Batting: RHB Silvio Bonauiti 0-0: Ball
1-0: Ball
2-0: Ball
3-0: Called Strike
3-1: Called Strike
3-2: SINGLE (Line Drive, 89S, EV 101.9 MPH)
António Mendoza to third
Runner from 3rd tries for Home, SAFE, no throw by RF
Batting: SHB Ben Boston 0-0: Ball
1-0: Ball
2-0: Ball
3-0: Called Strike
3-1: Called Strike
3-2: Foul Ball, location: 2F
3-2: Fly out, F8 (Flyball, 8RS, EV 93.8 MPH)
Batting: SHB Tom Dickinson 0-0: SINGLE (Groundball, 6MD, EV 110.6 MPH)
Silvio Bonauiti to second
Runner from 2nd tries for 3rd, SAFE, throw by CF made to third
Batting: RHB Arsenio Laurel 0-0: Ball
1-0: Ball
2-0: Ball
3-0: Base on Balls
Tom Dickinson to second
Batting: RHB David Austin 0-0: Ball
1-0: Grounds into double play, 5-4-3 (Groundball, 56, EV 85.6 MPH)
Bottom of the 1st over - 2 runs, 4 hits, 1 error, 2 left on base; Athletic Club KC 2 - Panama City 2
TOP OF THE 2ND
Athletic Club KC batting - Pitching for Panama City Piranhas : RHP Harry Stuterberg
Batting: RHB Wade Tazewell 0-0: Ball
1-0: Ball
2-0: Ground out 6-3 (Groundball, 6MS, EV 84.4 MPH)
Batting: RHB Lopahin Davletyarov 0-0: Foul Ball, location: 2F
0-1: Ball
1-1: Foul Ball, location: 2F
1-2: Ground out 6-3 (Groundball, 6S, EV 81.9 MPH)
Batting: RHB Armando Altagracia 0-0: Ball
1-0: Foul Ball, location: 2F
1-1: Swinging Strike
1-2: Ball
2-2: Fly out, F8 (Line Drive, 8RD, EV 90.0 MPH)
Top of the 2nd over - 0 runs, 0 hits, 0 errors, 0 left on base; Athletic Club KC 2 - Panama City 2
BOTTOM OF THE 2ND
Panama City Piranhas batting - Pitching for Athletic Club KC : LHP Ben Skelton
Batting: RHB Bruno Williams 0-0: Ball
1-0: Ground out 4-3 (Groundball, 4, EV 90.6 MPH)
Batting: LHB José Ocasio 0-0: Ball
1-0: SINGLE (Groundball, 4MD, EV 95.0 MPH)
Batting: RHB Kieran Hansen 0-0: Ball
1-0: Ball
2-0: Ball
3-0: Base on Balls
José Ocasio to second
Batting: RHB António Mendoza 0-0: Ball
1-0: Grounds into double play, 5-4-3 (Groundball, 56S, EV 90.0 MPH)
Bottom of the 2nd over - 0 runs, 1 hit, 0 errors, 1 left on base; Athletic Club KC 2 - Panama City 2
TOP OF THE 3RD
Athletic Club KC batting - Pitching for Panama City Piranhas : RHP Harry Stuterberg
Batting: LHB César Núñez 0-0: Ground out 4-3 (Groundball, 34, EV 106.9 MPH)
Batting: RHB Yehonatan Chazan 0-0: Called Strike
0-1: Foul Ball, location: 2F
0-2: Foul Ball, location: 2F
0-2: Ground out 6-3 (Groundball, 6, EV 82.5 MPH)
Batting: LHB Héctor Velázquez 0-0: Called Strike
0-1: Foul Ball, location: 2F
0-2: Foul Ball, location: 2F
0-2: Foul Ball, location: 2F
0-2: Foul Ball, location: 2F
0-2: Ball
1-2: Fly out, F8 (Flyball, 89S, EV 86.9 MPH)
Top of the 3rd over - 0 runs, 0 hits, 0 errors, 0 left on base; Athletic Club KC 2 - Panama City 2
BOTTOM OF THE 3RD
Panama City Piranhas batting - Pitching for Athletic Club KC : LHP Ben Skelton
Batting: RHB Silvio Bonauiti 0-0: Ball
1-0: SINGLE (Groundball, 56, EV 104.4 MPH)
Batting: SHB Ben Boston 0-0: Called Strike
0-1: Ball
1-1: Fly out, F7 (Line Drive, 7, EV 86.9 MPH)
Batting: SHB Tom Dickinson 0-0: SINGLE (Groundball, 56D, EV 102.5 MPH)
Silvio Bonauiti to second
Batting: RHB Arsenio Laurel 0-0: Fielders Choice at 2nd, 6-4 (Groundball, 6, EV 85.0 MPH)
Silvio Bonauiti to third
Batting: RHB David Austin 0-0: Called Strike
0-1: Ground out 4-3 (Groundball, 4D, EV 108.1 MPH)
Bottom of the 3rd over - 0 runs, 2 hits, 0 errors, 2 left on base; Athletic Club KC 2 - Panama City 2
TOP OF THE 4TH
Athletic Club KC batting - Pitching for Panama City Piranhas : RHP Harry Stuterberg
Batting: LHB José Rodríguez 0-0: Foul Ball, location: 2F
0-1: Ball
1-1: Ground out 3-1 (Groundball, 34, EV 81.2 MPH)
Batting: LHB Pablo Hernández 0-0: Ground out 4-3 (Groundball, 4S, EV 90.0 MPH)
Batting: RHB Tasuku Goto 0-0: Swinging Strike
0-1: Ball
1-1: Ground out 6-3 (Groundball, 6, EV 83.8 MPH)
Top of the 4th over - 0 runs, 0 hits, 0 errors, 0 left on base; Athletic Club KC 2 - Panama City 2
BOTTOM OF THE 4TH
Panama City Piranhas batting - Pitching for Athletic Club KC : LHP Ben Skelton
Batting: RHB Bruno Williams 0-0: Ball
1-0: Called Strike
1-1: DOUBLE (Line Drive, 7LS, EV 95.6 MPH)
Batting: LHB José Ocasio 0-0: Swinging Strike
0-1: DOUBLE (Line Drive, 9LS, EV 86.9 MPH)
Bruno Williams scores
Batting: RHB Kieran Hansen 0-0: Ball
1-0: Ball
2-0: Ground out 5-3 (Groundball, 56, EV 80.0 MPH)
Batting: RHB António Mendoza 0-0: Ball
1-0: Called Strike
1-1: Called Strike
1-2: Strikes out swinging
Batting: RHB Silvio Bonauiti 0-0: Ball
1-0: Foul Ball, location: 2F
1-1: Foul Ball, location: 2F
1-2: Ball
2-2: Strikes out swinging
Bottom of the 4th over - 1 run, 2 hits, 0 errors, 1 left on base; Athletic Club KC 2 - Panama City 3
TOP OF THE 5TH
Athletic Club KC batting - Pitching for Panama City Piranhas : RHP Harry Stuterberg
Batting: RHB Wade Tazewell 0-0: Ball
1-0: Ball
2-0: Foul Ball, location: 2F
2-1: Ball
3-1: Ground out 5-3 (Groundball, 5, EV 103.8 MPH)
Batting: RHB Lopahin Davletyarov 0-0: Called Strike
0-1: DOUBLE (Line Drive, 8RD, EV 99.4 MPH)
Batting: RHB Armando Altagracia 0-0: Called Strike
Lopahin Davletyarov steals 3rd base (no throw)
0-1: Foul Ball, location: 2F
0-2: Strikes out swinging
Batting: LHB César Núñez 0-0: Ball
1-0: Swinging Strike
1-1: Ball
2-1: Ground out 4-3 (Groundball, 4, EV 106.2 MPH)
Top of the 5th over - 0 runs, 1 hit, 0 errors, 1 left on base; Athletic Club KC 2 - Panama City 3
BOTTOM OF THE 5TH
Panama City Piranhas batting - Pitching for Athletic Club KC : LHP Ben Skelton
Batting: SHB Ben Boston 0-0: Ball
1-0: Swinging Strike
1-1: Ball
2-1: Ball
3-1: Called Strike
3-2: Foul Ball, location: 2F
3-2: SINGLE (Groundball, 56D, EV 100.6 MPH)
Batting: SHB Tom Dickinson 0-0: Ball
1-0: Grounds into double play, 6-4-3 (Groundball, 6M, EV 86.2 MPH)
Batting: RHB Arsenio Laurel 0-0: Swinging Strike
0-1: Ball
1-1: Called Strike
1-2: Foul Ball, location: 2F
1-2: Foul Ball, location: 2F
1-2: Fly out, F8 (Flyball, 89M, EV 88.8 MPH)
Bottom of the 5th over - 0 runs, 1 hit, 0 errors, 0 left on base; Athletic Club KC 2 - Panama City 3
TOP OF THE 6TH
Athletic Club KC batting - Pitching for Panama City Piranhas : RHP Harry Stuterberg
Batting: RHB Yehonatan Chazan 0-0: Ball
1-0: Called Strike
1-1: Called Strike
1-2: Strikes out swinging
Batting: LHB Héctor Velázquez 0-0: Called Strike
0-1: Ball
1-1: Fly out, F9 (Line Drive, 9, EV 93.1 MPH)
Batting: LHB José Rodríguez 0-0: Ball
1-0: Called Strike
1-1: Foul Ball, location: 2F
1-2: Ball
2-2: Ground out 4-3 (Groundball, 4M, EV 85.6 MPH)
Top of the 6th over - 0 runs, 0 hits, 0 errors, 0 left on base; Athletic Club KC 2 - Panama City 3
BOTTOM OF THE 6TH
Panama City Piranhas batting - Pitching for Athletic Club KC : LHP Ben Skelton
Pitching: RHP Clancy Daly
Batting: RHB David Austin 0-0: Ground out U3 (Groundball, 3, EV 88.8 MPH)
Batting: RHB Bruno Williams 0-0: Called Strike
0-1: Ground out 6-3 (Groundball, 6MD, EV 102.5 MPH)
Batting: LHB José Ocasio 0-0: Fly out, F7 (Line Drive, 7, EV 93.8 MPH)
Bottom of the 6th over - 0 runs, 0 hits, 0 errors, 0 left on base; Athletic Club KC 2 - Panama City 3
TOP OF THE 7TH
Athletic Club KC batting - Pitching for Panama City Piranhas : RHP Harry Stuterberg
Batting: LHB Pablo Hernández 0-0: Ball
1-0: DOUBLE (Flyball, 8RXD, EV 92.5 MPH)
Pinch Hitting: RHB Francisco Vargas 0-0: Ball
1-0: 2-RUN HOME RUN (Flyball, 7D, EV 90.6 MPH), Distance : 367 ft
Batting: RHB Wade Tazewell 0-0: Called Strike
0-1: Fly out, F9 (Flyball, 9, EV 90.0 MPH)
Batting: RHB Lopahin Davletyarov 0-0: Ball
1-0: SINGLE (Groundball, 6D, EV 101.2 MPH)
Batting: RHB Armando Altagracia 0-0: Foul Ball, location: 2F
0-1: 2-RUN HOME RUN (Flyball, 78XD, EV 90.6 MPH), Distance : 402 ft
Pitching: RHP Tobías Pérez
Batting: LHB César Núñez 0-0: Swinging Strike
0-1: Ball
1-1: Called Strike
1-2: Strikes out swinging
Batting: RHB Yehonatan Chazan 0-0: Called Strike
0-1: Called Strike
0-2: SINGLE (Line Drive, 34D, EV 98.1 MPH)
Batting: LHB Héctor Velázquez 0-0: Swinging Strike
0-1: Ball
1-1: Ball
2-1: Foul Ball, location: 2F
2-2: Foul Ball, location: 2F
2-2: Strikes out swinging
Top of the 7th over - 4 runs, 5 hits, 0 errors, 1 left on base; Athletic Club KC 6 - Panama City 3
BOTTOM OF THE 7TH
Panama City Piranhas batting - Pitching for Athletic Club KC : RHP Clancy Daly
Now at 3B: David Lozano
Batting: RHB Kieran Hansen 0-0: Called Strike
0-1: Ball
1-1: Ball
2-1: Foul Ball, location: 2F
2-2: SINGLE (Line Drive, 78S, EV 89.4 MPH)
Batting: RHB António Mendoza 0-0: Ball
1-0: SINGLE (Groundball, 6D, EV 109.4 MPH)
Kieran Hansen to second
Batting: RHB Silvio Bonauiti 0-0: 3-RUN HOME RUN (Flyball, 7LD, EV 109.4 MPH), Distance : 331 ft
Pitching: RHP Taalay Ibragimov
Batting: SHB Ben Boston 0-0: Ball
1-0: Ball
2-0: Ball
3-0: Base on Balls
Batting: SHB Tom Dickinson 0-0: Called Strike
0-1: Ball
1-1: Swinging Strike
1-2: Ball
2-2: Ball
3-2: Grounds into double play, 5-4-3 (Groundball, 56, EV 88.1 MPH)
Batting: RHB Arsenio Laurel 0-0: Ball
1-0: Ball
2-0: Ground out 5-3 (Groundball, 5L, EV 78.8 MPH)
Bottom of the 7th over - 3 runs, 3 hits, 0 errors, 0 left on base; Athletic Club KC 6 - Panama City 6
TOP OF THE 8TH
Athletic Club KC batting - Pitching for Panama City Piranhas : RHP Tobías Pérez
Batting: LHB José Rodríguez 0-0: Called Strike
0-1: Swinging Strike
0-2: Strikes out swinging
Batting: LHB Pablo Hernández 0-0: Called Strike
0-1: Ball
1-1: Called Strike
1-2: Ground out 6-3 (Groundball, 6, EV 105.0 MPH)
Batting: RHB David Lozano 0-0: Ball
1-0: Ball
2-0: Called Strike
2-1: Fly out, F8 (Flyball, 8RM, EV 95.0 MPH)
Top of the 8th over - 0 runs, 0 hits, 0 errors, 0 left on base; Athletic Club KC 6 - Panama City 6
BOTTOM OF THE 8TH
Panama City Piranhas batting - Pitching for Athletic Club KC : RHP Taalay Ibragimov
Batting: RHB David Austin 0-0: Ball
1-0: Called Strike
1-1: Swinging Strike
1-2: Ball
2-2: Ball
3-2: Strikes out swinging
Batting: RHB Bruno Williams 0-0: Ball
1-0: Foul Ball, location: 2F
1-1: Called Strike
1-2: Foul Ball, location: 2F
1-2: Strikes out looking
Batting: LHB José Ocasio 0-0: Foul Ball, location: 2F
0-1: Ball
1-1: Swinging Strike
1-2: Ball
2-2: Foul Ball, location: 2F
2-2: Foul Ball, location: 2F
2-2: Foul Ball, location: 2F
2-2: Ball
3-2: Base on Balls
Batting: RHB Kieran Hansen 0-0: Called Strike
0-1: Ball
1-1: Ball
2-1: Ground out 4-3 (Groundball, 34D, EV 103.1 MPH)
Bottom of the 8th over - 0 runs, 0 hits, 0 errors, 1 left on base; Athletic Club KC 6 - Panama City 6
TOP OF THE 9TH
Athletic Club KC batting - Pitching for Panama City Piranhas : RHP Tobías Pérez
Batting: RHB Wade Tazewell 0-0: Ball
1-0: Called Strike
1-1: Foul Ball, location: 2F
1-2: Ball
2-2: Strikes out looking
Batting: RHB Lopahin Davletyarov 0-0: Ball
1-0: Ball
2-0: Ball
3-0: Called Strike
3-1: SINGLE (Groundball, 34, EV 100.6 MPH)
Pitching: LHP Joe Khokar
Batting: RHB Armando Altagracia 0-0: Ball
1-0: Ball
2-0: SINGLE (Line Drive, 8RS, EV 95.6 MPH)
Lopahin Davletyarov to second
Runner from 2nd tries for 3rd, SAFE, throw by CF made to third
Pinch Hitting: RHB Armando Rodríguez 0-0: Ball
1-0: Foul Ball, location: 2F
1-1: Ball
2-1: Swinging Strike
2-2: SINGLE (Groundball, 6MD, EV 101.9 MPH)
Lopahin Davletyarov scores
Armando Altagracia to second
Runner from 2nd tries for 3rd, SAFE, no throw by CF
Batting: RHB Yehonatan Chazan 0-0: SINGLE (Groundball, 3D, EV 105.0 MPH)
Armando Altagracia scores
Armando Rodríguez to second
Runner from 2nd tries for 3rd, SAFE, throw by RF made to third
Batting: LHB Héctor Velázquez 0-0: DOUBLE (Flyball, 8LXD, EV 89.4 MPH)
Armando Rodríguez scores
Yehonatan Chazan to third
Runner from 3rd tries for Home, SAFE, throw by CF to home
Batting: LHB José Rodríguez 0-0: Foul Ball, location: 2F
0-1: Foul Ball, location: 2F
0-2: SINGLE (Line Drive, 9S, EV 95.0 MPH)
Héctor Velázquez to third
Batting: LHB Pablo Hernández 0-0: Ball
1-0: Ball
2-0: DOUBLE (Flyball, 8LXD, EV 102.5 MPH)
Héctor Velázquez scores
José Rodríguez to third
Runner from 3rd tries for Home, SAFE, throw by CF to trailing runner, SAFE at third!
Pitching: RHP Kenny Kawaguchi
Batting: RHB David Lozano 0-0: Foul Ball, location: 2F
0-1: Ball
1-1: Foul Ball, location: 2F
1-2: Foul Ball, location: 2F
1-2: Ground out 6-3 (Groundball, 56D, EV 108.8 MPH)
Pablo Hernández scores
Batting: RHB Wade Tazewell 0-0: Ball
1-0: Foul Ball, location: 2F
1-1: Fly out, F7 (Line Drive, 7, EV 85.0 MPH)
Top of the 9th over - 7 runs, 7 hits, 0 errors, 0 left on base; Athletic Club KC 13 - Panama City 6
BOTTOM OF THE 9TH
Panama City Piranhas batting - Pitching for Athletic Club KC : RHP Taalay Ibragimov
Pitching: RHP David Maxwell
Now in CF: Armando Rodríguez
Pinch Hitting: LHB King Rutledge 0-0: Foul Ball, location: 2F
0-1: Ground out 4-3 (Groundball, 4, EV 87.5 MPH)
Batting: RHB Silvio Bonauiti 0-0: Ball
1-0: SOLO HOME RUN (Line Drive, 7LD, EV 103.1 MPH), Distance : 331 ft
Batting: SHB Ben Boston 0-0: Ball
1-0: Ball
2-0: Called Strike
2-1: Ball
3-1: Base on Balls
Batting: SHB Tom Dickinson 0-0: Ball
Wild Pitch!
Ben Boston to second
1-0: Ball
2-0: Called Strike
2-1: Called Strike
2-2: Ball
3-2: Fly out, F3 (Line Drive, 3, EV 73.8 MPH)
Batting: RHB Arsenio Laurel 0-0: 2-RUN HOME RUN (Flyball, 7D, EV 106.2 MPH), Distance : 350 ft
Batting: RHB David Austin 0-0: Ball
1-0: Swinging Strike
1-1: Swinging Strike
1-2: Strikes out swinging
Bottom of the 9th over - 3 runs, 2 hits, 0 errors, 0 left on base; Athletic Club KC 13 - Panama City 9
Wednesday, July 8th, 2020 - OOTP Baseball 20.8 Build 74